 Dungeon Crawl Stone Soup version 0.28.0 (webtiles) character file.

Game seed: 915614771148943981

865 Sanktem7 the Conjurer (level 8, -5/57 HPs)
             Began as a Gnoll Conjurer on Feb 8, 2022.
             Slain by a steam dragon (9 damage)
             ... on level 6 of the Dungeon.
             The game lasted 00:14:05 (5653 turns).

Sanktem7 the Conjurer (Gnoll Conjurer)              Turns: 5653, Time: 00:14:08

Health: -5/57      AC:  4    Str:  6    XL:     8   Next: 3%
Magic:  10/16      EV: 13    Int: 21    God:
Gold:   244        SH:  0    Dex: 10    Spells: 8/18 levels left

rFire   . . .      SeeInvis .   b - +3 dagger (elec)
rCold   . . .      Faith    .   (no shield)
rNeg    + . .      Spirit   .   h - +2 robe {rN+}
rPois   .          Reflect  .   (no helmet)
rElec   .          Harm     .   (no cloak)
rCorr   .          Rampage  .   (no gloves)
Will    .....                   (no boots)
Stlth   +++.......              (no amulet)
HPRegen 0.19/turn               (no ring)
MPRegen 0.15/turn               (no ring)

@: no status effects
A: fangs 1, strong nose, distributed training
a: no special abilities


You were on level 6 of the Dungeon.
You visited 1 branch of the dungeon, and saw 6 of its levels.

You collected 244 gold pieces.

Inventory:

Hand Weapons
 b - a +3 dagger of electrocution (weapon)
Armour
 a - a +0 robe
 e - a +0 leather armour
 h - a +2 robe of positive energy (worn)
Jewellery
 s - a ring of willpower
Wands
 f - a wand of mindburst (21)
 m - a wand of acid (8)
 p - a wand of iceblast (9)
Scrolls
 d - 5 scrolls of teleportation
 i - 3 scrolls of noise
 l - a scroll of vulnerability
 q - a scroll of fog {unknown}
Potions
 c - a potion of haste {unknown}
 g - 3 potions of mutation
 j - 2 potions of flight
 k - a potion of resistance {unknown}
 n - 2 potions of invisibility {unknown}
 o - a potion of curing {unknown}
 r - a potion of might {unknown}


   Skills:
 + Level 2.8 Fighting
 + Level 2.8 Short Blades
 + Level 2.8 Long Blades
 + Level 2.8 Axes
 + Level 2.8 Maces & Flails
 + Level 2.8 Polearms
 + Level 2.8 Staves
 + Level 2.8 Slings
 + Level 2.8 Bows
 + Level 2.8 Crossbows
 + Level 2.8 Throwing
 + Level 2.8 Armour
 + Level 5.4 Dodging
 + Level 5.1 Stealth
 + Level 2.8 Shields
 + Level 2.8 Unarmed Combat
 + Level 5.8 Spellcasting
 + Level 7.5 Conjurations
 + Level 2.3 Hexes
 + Level 2.3 Summonings
 + Level 2.3 Necromancy
 + Level 2.3 Translocations
 + Level 2.3 Transmutations
 + Level 2.3 Fire Magic
 + Level 2.3 Ice Magic
 + Level 2.3 Air Magic
 + Level 2.3 Earth Magic
 + Level 2.3 Poison Magic
 + Level 3.1 Invocations
 + Level 2.8 Evocations


You had 8 spell levels left.
You knew the following spells:

 Your Spells              Type           Power      Damage    Failure   Level
a - Magic Dart            Conj           100%       1d8       1%          1
b - Searing Ray           Conj           74%        2d7       1%          2
c - Dazzling Flash        Conj/Hex       52%        N/A       4%          3
d - Fulminant Prism       Conj/Hex       13%        3d9       13%         4

Your spell library contained the following spells:

 Spells                   Type           Power      Damage    Failure   Level
 Summon Small Mammal      Summ           60%        N/A       3%          1
 Call Canine Familiar     Summ           15%        N/A       12%         3
 Gell's Gravitas          Tloc           15%        N/A       12%         3
 Summon Guardian Golem    Hex/Summ       15%        N/A       12%         3
 Teleport Other           Tloc           15%        N/A       12%         3
 Iskenderun's Mystic Bla  Conj/Tloc      26%        2d7       13%         4
 Dispersal                Tloc           7%         N/A       99%         6


Dungeon Overview and Level Annotations

Branches:
Dungeon (6/15)             Temple (0/1) D:5

Altars:
Cheibriados
Gozag
Nemelex Xobeh
Ru

Annotations:
D:3 1 runed translucent door, Sanktem7's ghost, amateur GnIE


Innate Abilities, Weirdness & Mutations

You have very sharp teeth.
Your uncanny sense of smell can sniff out nearby items.
Your experience applies equally to all skills.


Message History

The steam dragon hisses angrily.
Casting: Magic Dart (safe; 1% risk of failure)
Confirm with . or Enter, or press ? or * to list all spells.
Aiming: Magic Dart (safe; 1% risk of failure)
Press: ? - help, Shift-Dir - straight line, f/p - steam dragon
Aim: a steam dragon (100% to hit)
The magic dart hits the steam dragon.
The steam dragon is lightly wounded.
The steam dragon breathes steam at you. The ball of steam hits you!
Casting: Magic Dart (safe; 1% risk of failure)
Confirm with . or Enter, or press ? or * to list all spells.
You can't see any susceptible monsters within range! (Use Z to cast anyway.)
Casting: Magic Dart (safe; 1% risk of failure)
Confirm with . or Enter, or press ? or * to list all spells.
Aiming: Searing Ray (safe; 1% risk of failure)
Press: ? - help, Shift-Dir - straight line, f/p - steam dragon
Aim: a steam dragon (steam, lightly wounded, 81% to hit)
The searing ray hits the steam dragon.
The steam dragon is moderately wounded. (Press . to maintain the ray.)
The steam dragon breathes steam at you. The ball of steam hits you!!
The searing ray hits the steam dragon.
The steam dragon is moderately wounded.
You are engulfed in a cloud of scalding steam.
* * * LOW HITPOINT WARNING * * *
The steam dragon closely misses you. The steam dragon claws you.
* * * LOW HITPOINT WARNING * * *
The searing ray hits the steam dragon.
The steam dragon is heavily wounded.
You are engulfed in a cloud of scalding steam.
The steam dragon closely misses you. The steam dragon barely misses you.
The searing ray hits the steam dragon.
The steam dragon is heavily wounded.
You finish channelling your searing ray.
You are engulfed in a cloud of scalding steam.
* * * LOW HITPOINT WARNING * * *
The steam dragon bites you!
You die...

# ##### # #...######
# #........### #
#########.....####
#§≈≈≈§≈§#.......##
#§.....≈#........#
###≈.#.#.§#......^..
#.D@.§#...'.......#.
#.#≈.#.#.≈#>......#.
#§#≈..§)§§#......###
.D#≈≈§≈§≈§#......#
...#########.....##
.... ........ .....
#......## ......
....##.+∆ ∆


You could see a steam dragon.

Vanquished Creatures
  A black bear (D:5)
  2 phantoms (D:5)
  A water moccasin zombie (D:5)
  A water moccasin skeleton (D:5)
  2 vampire bats (D:4)
  5 hounds
  An orc priest (D:5)
  2 orc wizards
  2 iguanas
  3 gnolls (D:4)
  An adder (D:4)
  A shadow imp (D:5)
  An adder skeleton (D:4)
  3 worms
  2 dart slugs (D:3)
  16 orcs
  7 ball pythons
  9 endoplasms
  5 giant cockroaches
  11 goblins
  2 hobgoblins
  3 jackals (D:1)
  2 quokkas (D:4)
  16 bats
  4 frilled lizards
  6 kobolds
  3 rats
112 creatures vanquished.

Vanquished Creatures (others)
  A fulminant prism (D:5)
  A plant (D:2)
2 creatures vanquished.

Grand Total: 114 creatures vanquished

Notes
Turn   | Place    | Note
-------+----------+-------------------------------------------
     0 | D:1      | Sanktem7 the Gnoll Conjurer began the quest for the Orb.
     0 | D:1      | Reached XP level 1. HP: 13/13 MP: 6/6
   132 | D:1      | Reached XP level 2. HP: 19/19 MP: 5/7
   517 | D:1      | Reached XP level 3. HP: 25/25 MP: 3/9
   573 | D:1      | Reached skill level 5 in Spellcasting
  1137 | D:2      | Reached skill level 1 in Invocations
  1436 | D:2      | Found a faded altar of an unknown god.
  1678 | D:2      | Reached skill level 1 in Fighting
  1678 | D:2      | Reached skill level 1 in Short Blades
  1678 | D:2      | Reached skill level 1 in Long Blades
  1678 | D:2      | Reached skill level 1 in Axes
  1678 | D:2      | Reached skill level 1 in Maces & Flails
  1678 | D:2      | Reached skill level 1 in Polearms
  1678 | D:2      | Reached skill level 1 in Staves
  1678 | D:2      | Reached skill level 1 in Slings
  1678 | D:2      | Reached skill level 1 in Bows
  1678 | D:2      | Reached skill level 1 in Crossbows
  1678 | D:2      | Reached skill level 1 in Throwing
  1678 | D:2      | Reached skill level 1 in Armour
  1678 | D:2      | Reached skill level 1 in Shields
  1678 | D:2      | Reached skill level 1 in Unarmed Combat
  1678 | D:2      | Reached skill level 1 in Evocations
  2026 | D:3      | Reached XP level 4. HP: 32/32 MP: 3/11
  2246 | D:3      | Found a runed translucent door.
  2246 | D:3      | Noticed Sanktem7's ghost (amateur GnIE)
  2268 | D:3      | Reached skill level 1 in Hexes
  2268 | D:3      | Reached skill level 1 in Summonings
  2268 | D:3      | Reached skill level 1 in Necromancy
  2268 | D:3      | Reached skill level 1 in Translocations
  2268 | D:3      | Reached skill level 1 in Transmutations
  2268 | D:3      | Reached skill level 1 in Fire Magic
  2268 | D:3      | Reached skill level 1 in Ice Magic
  2268 | D:3      | Reached skill level 1 in Air Magic
  2268 | D:3      | Reached skill level 1 in Earth Magic
  2268 | D:3      | Reached skill level 1 in Poison Magic
  2681 | D:3      | Found a sacrificial altar of Ru.
  2681 | D:3      | Found a snail-covered altar of Cheibriados.
  3319 | D:4      | Found an opulent altar of Gozag.
  3319 | D:4      | Found a sparkling altar of Nemelex Xobeh.
  3400 | D:4      | Reached XP level 5. HP: 37/37 MP: 10/12
  3713 | D:4      | Reached XP level 6. HP: 44/44 MP: 6/13
  3825 | D:4      | Learned a level 2 spell: Searing Ray
  3829 | D:4      | Learned a level 3 spell: Dazzling Flash
  3834 | D:4      | Learned a level 4 spell: Fulminant Prism
  4190 | D:5      | Entered Level 5 of the Dungeon
  4232 | D:5      | Found a staircase to the Ecumenical Temple.
  4263 | D:5      | Reached skill level 5 in Dodging
  4464 | D:5      | Reached XP level 7. HP: 6/50 MP: 1/15
  5153 | D:5      | Reached skill level 5 in Stealth
  5484 | D:6      | Reached XP level 8. HP: 56/57 MP: 4/16
  5653 | D:6      | Slain by a steam dragon

Illustrated notes

Levels and vault maps discovered:
D:1:      minmay_arrival_diagonal_passages, layout_rooms, minmay_pentomino_t4
D:2:      layout_loops_cross, dilly_ecumenical_altar_fadedgnrine,
          chequers_big_river
D:3:      layout_basic, gammafunk_temple_overflow_wave,
          hellmonk_ghost_happy_afterlife, serial_bayou_pond_d, st_stairs_1
D:4:      layout_cave_pools, grunt_temple_overflow_opulence, roderic_batcave,
          minmay_misc_feat_five
D:5:      layout_rooms, minmay_temple_entry_glassed_door
D:6:      nicolae_cairo_tiling_large, layout_cave_pods,
          kennysheep_generic_room_10

Skill      XL: |  1  2  3  4  5  6  7 |
---------------+----------------------+-----
Spellcasting   | 5 |  5.8
Invocations    | 1 2 3 |  3.1
Fighting       | 1 2 |  2.8
Short Blades   | 1 2 |  2.8
Long Blades    | 1 2 |  2.8
Axes           | 1 2 |  2.8
Maces & Flails | 1 2 |  2.8
Polearms       | 1 2 |  2.8
Staves         | 1 2 |  2.8
Slings         | 1 2 |  2.8
Bows           | 1 2 |  2.8
Crossbows      | 1 2 |  2.8
Throwing       | 1 2 |  2.8
Armour         | 1 2 |  2.8
Shields        | 1 2 |  2.8
Unarmed Combat | 1 2 |  2.8
Evocations     | 1 2 |  2.8
Hexes          | 1 2 |  2.3
Summonings     | 1 2 |  2.3
Necromancy     | 1 2 |  2.3
Translocations | 1 2 |  2.3
Transmutations | 1 2 |  2.3
Fire Magic     | 1 2 |  2.3
Ice Magic      | 1 2 |  2.3
Air Magic      | 1 2 |  2.3
Earth Magic    | 1 2 |  2.3
Poison Magic   | 1 2 |  2.3
Dodging        | 5 |  5.4
Stealth        | 5 |  5.1
Conjurations   | |  7.5

Action                   |  1- 3 |  4- 6 |  7- 9 || total
-------------------------+-------+-------+-------++-------
Melee: Dagger            |    11 |    17 |     4 ||    32
       Punch             |       |       |     1 ||     1
 Cast: Magic Dart        |    87 |   106 |    53 ||   246
       Searing Ray       |       |     5 |     6 ||    11
       Fulminant Prism   |       |     1 |       ||     1
  Use: Scroll            |       |     6 |       ||     6
Armor: Leather armour    |     2 |     3 |       ||     5
       Robe              |       |     7 |     7 ||    14
Dodge: Dodged            |    16 |    23 |    26 ||    65
